 Dungeon Crawl Stone Soup version 0.28-a0-726-g4a9143789a (webtiles) character file.

Game seed: 7746307932597952694

1710 sanka the Cleaver (level 8, -12/62 HPs)
             Began as a Palentonga Abyssal Knight on Oct 27, 2021.
             Was a Priest of Lugonu.
             Mangled by a gnoll sergeant (17 damage)
             ... in a bailey.
             The game lasted 00:15:28 (9554 turns).

sanka the Cleaver (Palentonga Abyssal Knight)       Turns: 9554, Time: 00:15:28

Health: -12/62     AC: 13    Str: 18    XL:     8   Next: 74%
Magic:  0/14       EV:  9    Int: 11    God:    Lugonu [***...]
Gold:   482        SH:  4    Dex: 11    Spells: 7/7 levels left

rFire   . . .      SeeInvis +   a - +0 war axe
rCold   . . .      Faith    .   E - +0 buckler
rNeg    . . .      Spirit   +   b - +0 leather armour
rPois   .          Reflect  .   B - +1 helmet
rElec   .          Harm     .   v - scarf {repulsion}
rCorr   .          Rampage  .   (no gloves)
Will    .....                   (no barding)
Stlth   +.........              i - amulet of guardian spirit
HPRegen 0.20/turn               (no ring)
MPRegen 0.14/turn               (no ring)

@: flying, repel missiles, curled up
A: large, rugged brown scales 3, see invisible, deformed body, roll 1, armoured
tail, reflexive curl
a: Rolling Charge, Renounce Religion, Depart the Abyss, Bend Space, Banish


You were in a bailey.
You worshipped Lugonu.
Lugonu was most pleased with you.
You visited 2 branches of the dungeon, and saw 8 of its levels.
You visited the Abyss 1 time.
You also visited: Bailey.

You collected 482 gold pieces.


Innate Abilities, Weirdness & Mutations

You are completely covered in rugged brown scales. (AC +3, +7% HP)
You have supernaturally acute eyesight. (SInv)
Armour fits poorly on your strangely shaped body.
You can roll at nearby foes to attack.
You have a long armoured tail.
You curl defensively after being hit.


   Skills:
 - Level 3.0 Fighting
 - Level 8.0 Axes
 - Level 1.5 Armour
 + Level 2.0 Dodging
 - Level 2.4 Shields
 - Level 8.0 Invocations


You had 7 spell levels left.
You didn't know any spells.
Your spell library contained the following spells:

 Spells                   Type           Power      Damage    Failure   Level
 Animate Skeleton         Necr           0%         N/A       38%         1
 Apportation              Tloc           0%         N/A       38%         1
 Foxfire                  Conj/Fire      0%         2x1d4     38%         1
 Pain                     Necr           0%         1d4       38%         1
 Summon Small Mammal      Summ           0%         N/A       38%         1
 Slow                     Hex            0%         N/A       54%         2
 Confusing Touch          Hex            0%         N/A       77%         3
 Conjure Flame            Conj/Fire      0%         6-21      77%         3
 Inner Flame              Hex/Fire       0%         N/A       77%         3
 Vampiric Draining        Necr           0%         2d6       77%         3
 Flame Wave               Conj/Fire      0%         3d3       99%         4
 Agony                    Necr           0%         N/A       100%        5
 Excruciating Wounds      Necr           0%         N/A       100%        5
 Dispersal                Tloc           0%         N/A       100%        6
 Disjunction              Tloc           0%         N/A       100%        8

Inventory:

Hand Weapons
 a - a +0 war axe (weapon)
 p - the +4 spear of Untimely Demise {holy, rN+ Int+3}

   It has been blessed by the Shining One to cause great damage to the undead
   and demons.
   Int:       It affects your intelligence (+3).
   rN:        It protects you from negative energy.
 s - a +1 hand axe
Missiles
 o - 2 poisoned darts
 H - 2 throwing nets {=f}
Armour
 b - a +0 leather armour (worn)
 v - a scarf of repulsion (worn)
 B - a +1 helmet (worn)
 E - a +0 buckler (worn)
Jewellery
 i - an amulet of guardian spirit (around neck)
Wands
 n - a wand of flame (10)
Scrolls
 c - a scroll of brand weapon {unknown}
 e - a scroll of acquirement {unknown}
 h - a scroll of holy word {unknown}
 m - 2 scrolls of fear
 t - a scroll of enchant armour {unknown}
 u - a scroll of torment {unknown}
 w - a scroll of magic mapping
 x - a scroll of amnesia
 y - 2 scrolls of noise {unknown}
 C - 2 scrolls of teleportation {unknown}
 F - a scroll of summoning {unknown}
Potions
 d - a potion of heal wounds {unknown}
 f - a potion of haste {unknown}
 g - 2 potions of degeneration {unknown}
 j - a potion of invisibility {unknown}
 k - a potion of mutation {unknown}
 l - a potion of lignification {unknown}
 q - a potion of might {unknown}
 r - 2 potions of brilliance
 z - a potion of curing {unknown}
 A - 2 potions of cancellation
 D - a potion of magic {unknown}
 G - a potion of flight

Dungeon Overview and Level Annotations

Branches:
Dungeon (7/15)             Temple (1/1) D:4          Bailey (1/1)

Altars:
Kikubaaqudgha
Makhleb
Ru

Annotations:
D:4 Pikel
D:5 5 runed translucent doors

♣.≈..▒ ♣♣.≈..▒
♣♣..≈..▒ ♣...≈..▒
♣...≈..▒
♣♣...≈..▒▒▒▒▒ .
▒♣♣♣gg.....'...▒g.
▒H.ggg.(...')..'..
▒♣♣♣g......'(..▒..
♣♣...≈..▒▒▒▒▒ .
♣♣..≈..▒ ♣..≈..▒
♣..≈..▒ ♣♣.≈..▒
♣.≈..▒


You could see 2 gnoll sergeants, a gnoll shaman and 3 gnolls.


Message History

The gnoll sergeant barely misses you.
You hit the gnoll sergeant.
The gnoll sergeant is moderately wounded.
The gnoll completely misses you. The gnoll hits you but does no damage.
You block the gnoll's attack. You block the gnoll sergeant's attack.
You hit the gnoll sergeant. You tail-slap the gnoll sergeant.
The gnoll sergeant is severely wounded.
The gnoll barely misses you. The gnoll barely misses you.
The gnoll sergeant hits you with a +0 glaive!
* * * LOW HITPOINT WARNING * * *
The gnoll sergeant hits you from afar with a +0 glaive.
* * * LOW HITPOINT WARNING * * *
It was a potion of flight.
You feel very buoyant.
You fly up into the air.
The gnoll hits you from afar with a +0 spear.
* * * LOW HITPOINT WARNING * * *
The gnoll hits you from afar with a +0 halberd!
* * * LOW HITPOINT WARNING * * *
The gnoll sergeant hits you with a +0 glaive!
* * * LOW HITPOINT WARNING * * *
The gnoll sergeant hits you from afar with a +0 glaive!
* * * LOW HITPOINT WARNING * * *
Unknown command.
The gnoll sergeant hits you from afar with a +0 glaive!!
You die...

Action                   |  1- 3 |  4- 6 |  7- 9 || total
-------------------------+-------+-------+-------++-------
Melee: Hand axe          |    75 |    48 |       ||   123
       Tailslap          |     8 |    13 |    30 ||    51
       War axe           |       |    48 |   266 ||   314
 Abil: Rolling Charge    |     1 |     6 |       ||     7
Evoke: Wand              |       |     9 |       ||     9
  Use: Scroll            |       |       |     6 ||     6
       Potion            |       |       |     1 ||     1
Armor: Leather armour    |    26 |    38 |   105 ||   169
Dodge: Dodged            |    29 |    49 |   146 ||   224
       Repelled          |       |       |     1 ||     1
Block: Buckler           |       |       |    23 ||    23

Levels and vault maps discovered:
D:1:      erik_arrival_cave_to_civilisation [erik_arrival_cave_to_hall],
          layout_loops_ring, minmay_misc_feat_iff
D:2:      minmay_wonky_spiral, layout_basic, kennysheep_jessica_study
D:3:      layout_rooms, minivault_14, uniq_robin, uniq_sigmund
D:4:      layout_loops_ring, minmay_temple_entry_grid, cheibrodos_gnoll_hut,
          uniq_pikel, uniq_eustachio
D:5:      layout_rooms, mainiacjoe_overflow_catwalk_spiral, minivault_19,
          serial_bayou_pond_e, grunt_ministairs_10,
          minmay_guarded_unrand_staff_of_olgreb
D:6:      layout_layer_cave, uniq_blork_the_orc
D:7:      layout_loops_corners, nicolae_uskayaw_dance_studio, enter_bailey_2,
          nicolae_ossuary_entry_false_entrances, nicolae_shop_firing_range,
          uniq_harold
Temple:   minmay_crystal_spiral_temple
Bailey:   bailey_polearm_gnolls_kennysheep, bailey

Notes
Turn   | Place    | Note
-------+----------+-------------------------------------------
     0 | Abyss:1  | sanka the Palentonga Abyssal Knight began the quest for the
                  | Orb.
     0 | Abyss:1  | Reached XP level 1. HP: 19/19 MP: 2/2
    56 | D:1      | Escaped the Abyss
   412 | D:1      | Reached XP level 2. HP: 25/25 MP: 3/3
   683 | D:1      | Reached skill level 3 in Axes
  1275 | D:2      | Reached XP level 3. HP: 10/31 MP: 4/4
  1796 | D:2      | Reached ** piety under Lugonu
  1952 | D:2      | Noticed Jessica
  1967 | D:2      | Killed Jessica
  1968 | D:2      | Reached skill level 4 in Axes
  1968 | D:2      | Reached XP level 4. HP: 31/37 MP: 5/5
  2536 | D:3      | Noticed Sigmund
  2741 | D:3      | Noticed Robin
  2785 | D:3      | Killed Robin
  3211 | D:3      | Reached skill level 5 in Axes
  3328 | D:3      | Killed Sigmund
  3329 | D:3      | Reached skill level 6 in Axes
  3329 | D:3      | Reached skill level 3 in Invocations
  3329 | D:3      | Reached XP level 5. HP: 43/43 MP: 5/7
  3329 | D:3      | Reached XP level 6. HP: 50/50 MP: 5/8
  3629 | D:4      | Noticed Eustachio
  3694 | D:4      | Killed Eustachio
  3695 | D:4      | Reached skill level 4 in Invocations
  3906 | D:4      | Noticed Pikel
  4080 | D:4      | Found a staircase to the Ecumenical Temple.
  4204 | D:4      | Gained mutation: You curl defensively after being hit.
                  | [Palentonga growth]
  4204 | D:4      | Reached XP level 7. HP: 55/55 MP: 10/10
  4329 | Temple   | Entered the Ecumenical Temple
  5357 | D:5      | Entered Level 5 of the Dungeon
  5558 | D:5      | Noticed a redback
  5561 | D:5      | Found a runed translucent gate.
  5561 | D:5      | Noticed a redback
  5562 | D:5      | Found the +9 staff of Olgreb {rPois∞}
  5563 | D:5      | Found a runed translucent gate.
  5563 | D:5      | Noticed a redback
  5563 | D:5      | Noticed a redback
  5569 | D:5      | Found a runed translucent door.
  5586 | D:5      | Found a runed translucent door.
  5595 | D:5      | Found a runed translucent gate.
  5637 | D:5      | Reached skill level 7 in Axes
  5637 | D:5      | Reached skill level 5 in Invocations
  6005 | D:5      | Found a burning altar of Makhleb.
  6654 | D:5      | Reached skill level 6 in Invocations
  7009 | D:5      | Found an ancient bone altar of Kikubaaqudgha.
  7047 | D:5      | Reached XP level 8. HP: 52/62 MP: 9/12
  7600 | D:5      | Reached skill level 8 in Axes
  7600 | D:5      | Reached skill level 1 in Shields
  7944 | D:6      | Reached *** piety under Lugonu
  8079 | D:6      | Noticed Blork the orc
  8090 | D:6      | Killed Blork the orc
  8091 | D:6      | Reached skill level 2 in Shields
  8091 | D:6      | Reached skill level 7 in Invocations
  8659 | D:6      | Reached skill level 8 in Invocations
  8659 | D:6      | Reached skill level 1 in Dodging
  9331 | D:7      | Found a flagged portal.
  9337 | D:7      | Identified the +4 spear of Untimely Demise {holy, rN+
                  | Int+3}
  9344 | Bailey   | Entered a bailey
  9384 | Bailey   | Reached skill level 2 in Dodging
  9553 | Bailey   | HP: 5/62 [gnoll sergeant (6)]
  9554 | Bailey   | Mangled by a gnoll sergeant

Vanquished Creatures
  Sigmund (D:3)
  Eustachio (D:4)
  A water moccasin (D:5)
  2 ice beasts
  A sky beast (D:5)
  A necrophage (D:6)
  4 lemures
  Blork the orc (D:6)
  A scorpion (D:6)
  A water moccasin skeleton (D:5)
  A howler monkey (D:5)
  6 hounds
  2 bullfrog skeletons
  A gnoll shaman (D:4)
  2 orc priests (D:5)
  Jessica (D:2)
  2 iguanas
  4 orc wizards
  Robin (D:3)
  7 gnolls
  5 adders
  A white imp (D:6)
  2 ufetubi
  A worm (D:5)
  A dart slug (D:1)
  15 orcs
  5 ball pythons
  2 endoplasms (D:1)
  A giant cockroach (D:2)
  9 goblins
  10 hobgoblins
  4 kobolds
  5 quokkas
  5 bats
  2 frilled lizards
  4 rats
113 creatures vanquished.
